cohdb
Replays
Latest Replays
All Replays
Popular Replays
Top Player Replays
Match Explorer
How It Works
Community
CoH3 Stats
Reddit
Sign in to upload your games and track your stats! →
Sign in with Steam
Match 44359164
Unlisted
Match 44359164
Overview
Messages
Build Orders
End
Construct Section Command Post
Royal Engineer Section
Dingo Light Scout Car
Infantry Section
Infantry Section
Construct Platoon Command Post
Humber Armored Car
Selects Australian Defense Battlegroup
Selects CMP 15cwt Supply Run
CMP 15cwt Supply Run
Humber Armored Car
Selects Reinforced Resource Caches
6-pounder Anti-tank Gun Team
CMP 15cwt Supply Run
Construct Company Command Post
Crusader II Medium Tank
Crusader II Medium Tank
CMP 15cwt Supply Run
Selects Australian Light Infantry Section
Selects Defensive Tactics
Crusader II Medium Tank
Selects Vehicle Over Repair
Crusader II Medium Tank
CMP 15cwt Supply Run
Crusader II Medium Tank
Crusader II Medium Tank
Selects Charged Creeping Barrage
CMP 15cwt Supply Run
Crusader II Medium Tank
Charged Creeping Barrage
Crusader II Medium Tank
Crusader II Medium Tank
CMP 15cwt Supply Run
TFEi
Quack
Gwangju's Hero Chun Doo-gwang
Erwin Rommel
0
0
Comments
sign in to comment!
No comments posted yet!